Map: Cerulean Fall LE

Players

Lambo - Winner!

  • Race: Zerg Zerg
  • League: Master
  • Spawn Location: 7:00

Denver

  • Race: Zerg Zerg
  • League: Grandmaster
  • Spawn Location: 1:00

VOD

Have the link to the VOD?

Description

Time

  • Played on: Jan. 12, 2019, 10:43 a.m.
  • Length: 6:10
Show
View Real Time Build Order
Export as new Build Order

Lambo Zerg - Winner!

Build Orders: Pool First 

Get SALT Encoding   

  12  0:00  Drone  
  13  0:12  Overlord  
  14  0:21  Drone  
  14  0:31  Drone x2  
  16  0:40  Spawning Pool  
  15  0:45  Drone  
  15  0:49  Drone  
  17  1:09  Hatchery  
  16  1:12  Drone  
  17  1:27  Zergling x4  
  17  1:28  Zergling x2  
  17  1:31  Queen  
  22  1:33  Extractor  
  21  1:40  Overlord  
  21  1:50  Drone  
  22  2:00  Drone  
  23  2:07  Queen  
  25  2:12  Drone  
  26  2:22  Drone x2  
  28  2:36  Drone x2  
  30  2:38  Queen  
  32  2:47  Drone  
  32  2:51  Drone  
  33  2:52  Overlord  
  33  2:54  Drone x2  
  33  2:56  Drone  
  36  3:02  Lair, Evolution Chamber  
  36  3:05  Drone  
  36  3:13  Drone  
  36  3:19  Drone x2  
  39  3:20  Roach Warren  
  39  3:23  Drone x2  
  39  3:24  Drone  
  41  3:29  Drone  
  42  3:36  Drone  
  42  3:40  Extractor, Zerg Missile Weapons Level 1  
  41  3:43  Extractor  
  41  3:46  Evolution Chamber  
  41  3:47  Drone x2  
  41  3:48  Drone x2  
  43  3:52  Drone  
  44  4:01  Overlord, Glial Reconstitution  
  44  4:07  Overlord  
  44  4:17  Overlord  
  44  4:20  Roach x4  
  52  4:26  Roach x3  
  52  4:27  Roach  
  60  4:31  Overlord  
  60  4:34  Overlord  
  60  4:36  Overlord  
  60  4:39  Roach  
  60  4:43  Roach  
  64  4:46  Roach  
  64  4:48  Roach  
  64  4:51  Roach  
  70  4:54  Roach  
  70  4:57  Roach  
  74  5:00  Roach  
  74  5:06  Roach x2  
  80  5:11  Roach x2  
  84  5:17  Roach  
  84  5:18  Roach  
  84  5:19  Overlord  
  88  5:26  Roach x2  
  92  5:28  Overlord  
  92  5:35  Overlord  
  91  5:39  Roach x2  
  91  5:50  Roach  
  91  5:51  Roach x2  
Show
View Real Time Build Order
Export as new Build Order

Denver Zerg 

Build Orders: Hatch First 

Get SALT Encoding   

  12  0:01  Drone  
  13  0:13  Overlord  
  13  0:17  Drone  
  14  0:31  Drone x2  
  16  0:49  Hatchery  
  15  0:52  Drone  
  15  0:55  Drone  
  17  0:59  Drone  
  18  1:09  Extractor  
  17  1:14  Spawning Pool  
  16  1:18  Drone  
  16  1:21  Drone  
  18  1:29  Drone  
  19  1:39  Drone  
  20  1:50  Drone  
  21  2:01  Queen  
  21  2:02  Queen, Drone x2  
  27  2:11  Metabolic Boost  
  27  2:12  Overlord  
  27  2:14  Drone  
  28  2:33  Zergling x8  
  32  2:46  Queen  
  32  2:49  Overlord  
  34  2:55  Overlord  
  34  3:05  Lair  
  32  3:06  Drone  
  32  3:08  Drone x3  
  32  3:11  Drone  
  37  3:13  Drone  
  37  3:16  Drone  
  37  3:18  Drone  
  40  3:21  Drone  
  40  3:24  Extractor  
  40  3:29  Drone  
  40  3:33  Drone  
  41  3:39  Extractor  
  40  3:41  Drone  
  40  3:42  Drone x4  
  45  3:54  Drone x2  
  45  3:55  Queen  
  49  4:01  Evolution Chamber  
  48  4:04  Spire  
  48  4:09  Drone x3  
  50  4:10  Drone  
  50  4:15  Overlord, Extractor  
  50  4:19  Drone x2  
  50  4:22  Overlord  
  52  4:34  Baneling Nest  
  52  4:37  Drone  
  52  4:38  Overlord, Drone x2  
  54  4:45  Zergling x2  
  55  4:58  Spine Crawler  
  54  5:16  Mutalisk x5, Hatchery  
  54  5:17  Mutalisk  
  54  5:19  Zergling x4  
  67  5:22  Zergling x2  
  67  5:24  Overlord  
  67  5:27  Spine Crawler  
  67  5:29  Baneling x2  
  67  5:36  Zergling x2  
  62  5:42  Mutalisk  
  62  5:43  Mutalisk  
  62  5:49  Zergling x8  
Tags
 
Add a new tag
Caveats
  • Supply blocks, unpowered buildings, or Contaminate may cause inaccurate times.
  • Supply counts are checked every 10 seconds.